 Dungeon Crawl Stone Soup version 0.25.1-2-g60ff931df9 (webtiles) character file.

Game seed: 9415856593640982890

93 Curus the Distorting Hill Orc (level 4, -10/39 HPs)
             Began as a Hill Orc Abyssal Knight on Oct 4, 2020.
             Was a Believer of Lugonu.
             Killed by divine providence
             ... invoked by an orc priest
              (12 damage)
             ... on level 3 of the Dungeon.
             The game lasted 00:12:42 (3341 turns).

Curus the Distorting Hill Orc (HOAK)                Turns: 3341, Time: 00:12:43

Health: -10/39     AC:  5    Str: 12 (14) XL:     4   Next: 61%
Magic:  7/7        EV:  7    Int: 11 (12) God:    Lugonu [**....]
Gold:   125        SH:  6    Dex:  9 (11) Spells: 3/3 levels left

rFire    . . .     SeeInvis .   i - +2 war axe (flame)
rCold    . . .     Gourm    .   d - +0 kite shield (curse)
rNeg     . . .     Faith    .   h - +0 ring mail
rPois    .         Spirit   .   (no helmet)
rElec    .         Reflect  .   (no cloak)
rCorr    .         Harm     .   (no gloves)
MR       .....                  (no boots)
Stlth    ..........             (no amulet)
HPRegen  0.13/turn              (no ring)
MPRegen  0.10/turn              (no ring)

@: no status effects
A: no striking features
a: Depart the Abyss, Bend Space, Renounce Religion, Convert to Beogh


You were on level 3 of the Dungeon.
You worshipped Lugonu.
Lugonu was pleased with you.
You were not hungry.

You visited 1 branch of the dungeon, and saw 3 of its levels.
You visited the Abyss 1 time.

You collected 125 gold pieces.

Inventory:

Hand Weapons
 a - a +2 falchion
 i - a +2 war axe of flaming (weapon)
Armour
 b - a +1 leather armour
 d - a cursed +0 kite shield (worn)
 h - a +0 ring mail (worn)
Scrolls
 e - 3 scrolls of identify
 f - a scroll of amnesia
Comestibles
 c - 5 rations
 g - a chunk of flesh


   Skills:
 - Level 3.6 Fighting
 - Level 3.6 Long Blades
 + Level 1.3 Axes
 - Level 2.1 Armour
 - Level 0.7 Dodging
 + Level 4.6 Invocations


You had 3 spell levels left.
You didn't know any spells.
Your spell library was empty.

Dungeon Overview and Level Annotations

Branches:
Dungeon (3/15)

Altars:
Ashenzari
Dithmenos
Fedhas


Message History

You hit the quokka. You burn the quokka.
The quokka is heavily wounded.
You block the quokka's attack.
You closely miss the quokka.
The quokka is heavily wounded.
The quokka completely misses you. x2
You barely miss the quokka.
The quokka is heavily wounded.
The quokka barely misses you. x2
You slash the quokka! You burn the quokka.
You kill the quokka!
Lugonu accepts your kill.
The orc priest begins to cast a cantrip, but forgets the words!
You closely miss the orc. The orc hits you but does no damage.
Your shield and ring mail prevent you from hitting the orc.
The orc hits you with a +0 dagger.
* * * LOW HITPOINT WARNING * * *
The orc priest calls down the wrath of Beogh upon you.
Beogh smites you!
You die...

*,******## *,,,,,,,,*,*,,,,
*,,,,,,,.# *,*,*,,***,*,,,,
******#######.# *,*,,,,* *,*,***
,,,,,,,.......####,*,*,** *,*,*
,,*****#.........#,*,*,****,*,***
,,######.....#*#.#,*,,,,,,,,*,,,*
.,#.......†..# #.#,*,,,********,*
..***,**#....# #.#,*,,,* *,*
..###+###....# #@#,*,*>********,,
.............###o#,,,,,,,,,,,,,**
...........o.o.oo#,*,,,,,,,,,,,*
...............oo#,*,,,,,,,,,,,*
...................#,,,,,,,,,,,*
.................###,,,,********
...........####### *,,,,*
.......^...# *,,,,* .#.........#
**,,,*


You could see an orc priest and 4 orcs.

Vanquished Creatures
  3 adders (D:2)
  An ooze (D:2)
  2 leopard geckos
  An orc (D:2)
  8 bats
  6 giant cockroaches
  2 goblins
  5 hobgoblins
  4 jackals (D:2)
  9 kobolds
  2 quokkas
  A ball python (D:2)
  4 frilled lizards
  3 rats
51 creatures vanquished.

Notes
Turn   | Place    | Note
-------+----------+-------------------------------------------
     0 | Abyss:1  | Curus the Hill Orc Abyssal Knight began the quest for the
                  | Orb.
     0 | Abyss:1  | Reached XP level 1. HP: 19/19 MP: 2/2
     2 | Abyss:1  | Found a corrupted altar of Lugonu.
   127 | Abyss:1  | Noticed an efreet
   127 | Abyss:1  | Noticed an iron imp
   161 | Abyss:1  | Noticed a thrashing horror
   162 | Abyss:1  | Noticed a large abomination
   163 | D:1      | Escaped the Abyss
   200 | D:1      | Reached * piety under Lugonu
   247 | D:1      | Reached skill level 3 in Invocations
   247 | D:1      | Reached XP level 2. HP: 16/26 MP: 2/4
   796 | D:1      | Reached XP level 3. HP: 31/31 MP: 5/5
  1261 | D:2      | Found a blossoming altar of Fedhas.
  1328 | D:2      | Reached skill level 4 in Invocations
  1790 | D:2      | Reached ** piety under Lugonu
  1997 | D:2      | Found a shadowy altar of Dithmenos.
  2034 | D:2      | Reached XP level 4. HP: 8/39 MP: 7/7
  2894 | D:2      | Reached skill level 1 in Axes
  3256 | D:3      | Found a shattered altar of Ashenzari.
  3341 | D:3      | Killed from afar by an orc priest

Illustrated notes

Levels and vault maps discovered:
D:1:      dpeg_arrival_rhombus, layout_basic
D:2:      layout_basic, old_standard_altar, first_ration,
          nicolae_dithmenos_shadow_blocks
D:3:      layout_basic, lemuel_round_altar, cheibriados_altar_1,
          cheibrodos_ashenzari_chains

Skill      XL: |  1  2  3  4 |
---------------+-------------+-----
Invocations    | 3 4 |  4.6
Long Blades    | 3 |  3.6
Axes           | 1 |  1.3
Fighting       | |  3.6
Armour         | |  2.1
Dodging        | |  0.7

Action                   |  1- 3 |  4- 6 || total
-------------------------+-------+-------++-------
Melee: Falchion          |   120 |     5 ||   125
       War axe           |       |    50 ||    50
Invok: Depart the Abyss  |     1 |       ||     1
  Use: Scroll            |     6 |     2 ||     8
       Potion            |     2 |       ||     2
  Eat: Chunk             |     4 |       ||     4
       Ration            |       |     1 ||     1
Armor: Leather armour    |    45 |       ||    45
       Ring mail         |       |    33 ||    33
Dodge: Dodged            |    69 |    24 ||    93
Block: Kite shield       |    24 |    25 ||    49
       Rpst.: Falchion   |    22 |     1 ||    23
